[Event "EYCC Open U8 2018"]
[Site "Riga"]
[Date "2018.08.28"]
[Round "8"]
[White "Vassis, Michail"]
[Black "Udipi, Kala Kishan"]
[Result "0-1"]
[ECO "A46"]
[WhiteElo "1218"]
[BlackElo "1756"]
[Annotator "NA RC"]
[PlyCount "138"]
[EventDate "2018.08.20"]
[EventType "swiss"]
[EventCountry "LAT"]
[SourceTitle "playchess.com"]
[Source "ChessBase"]
[SourceQuality "1"]
[TimeControl "40/5400+30:1800+30"]

1. Nf3 Nf6 2. d4 e6 3. e3 d5 4. Be2 Be7 5. O-O O-O 6. b3 c5 7. Bb2 cxd4 8. exd4 b6 9. Nbd2 Bb7 10. Ne5 Nbd7 11. f4 Rc8 12. c4 Ne4 13. Nxe4 dxe4 14. Qd2 Nxe5 15. fxe5 Bg5 16. Qc3 Qe7 17. a4 Rfd8 18. Ba3 Qd7 19. Rad1 Be7 20. c5 Qc7 21. b4 bxc5 22. bxc5 Bc6 23. Bb5 Rb8 24. Rb1 Qd7 25. Bxc6 Qxc6 26. Rb4 Rxb4 27. Qxb4 Qd7 28. Rd1 Bg5 29. Bb2 Bf4 30. Re1 Qc6 31. Bc3 Bg5 32. a5 f6 33. exf6 Bxf6 34. a6 Rd7 35. Qb1 Kf7 36. Qxe4 Qxe4 37. Rxe4 Rc7 38. Re2 Rc6 39. Ra2 Kg6 40. Kf2 Kf5 41. Kf3 h5 42. h3 h4 43. Ra4 g5 44. Bd2 Bd8 45. Ba5 Rxa6 46. Bxd8 Rxa4 47. Ke3 g4 48. hxg4+ Kxg4 49. c6 Rc4 50. c7 a5 51. c8=Q Rxc8 52. Bxa5 Rc2 53. Ke4 Rxg2 54. Ke5 Re2+ 55. Kf6 h3 56. Bc7 Kf3 57. Bh2 Rxh2 58. Kxe6 Rd2 59. d5 Rxd5 60. Kxd5 h2 61. Ke5 h1=Q 62. Kd4 Qc1 63. Ke5 Qc5+ 64. Ke6 Kf4 65. Kf6 Qd6+ 66. Kf7 Kg5 67. Ke8 Qc7 68. Kf8 Kf6 69. Kg8 Qg7# 0-1

[Event "EYCC Open U8 2018"]
[Site "Riga"]
[Date "2018.08.28"]
[Round "8"]
[White "La Barbera, Manfredi"]
[Black "Yonal, Timur"]
[Result "0-1"]
[ECO "B18"]
[WhiteElo "1212"]
[BlackElo "1446"]
[Annotator "NA RC"]
[PlyCount "90"]
[EventDate "2018.08.20"]
[EventType "swiss"]
[EventCountry "LAT"]
[SourceTitle "playchess.com"]
[Source "ChessBase"]
[SourceQuality "1"]
[TimeControl "40/5400+30:1800+30"]

1. e4 c6 2. d4 d5 3. Nd2 dxe4 4. Nxe4 Bf5 5. Ng3 Bg6 6. N1e2 e6 7. Nf4 Bd6 8. Nxg6 hxg6 9. Ne4 Be7 10. g3 Nf6 11. Bg2 Nxe4 12. Bxe4 Bd6 13. O-O Nd7 14. c3 Nf6 15. Bg2 Qa5 16. Qb3 O-O-O 17. Be3 Qh5 18. h4 Nd5 19. c4 Nxe3 20. Qxe3 Kb8 21. Qb3 Rc8 22. c5 Be7 23. a4 g5 24. a5 a6 25. Bf3 g4 26. Bg2 g5 27. Ra3 gxh4 28. gxh4 Qxh4 29. Re1 Qh2+ 30. Kf1 Bh4 31. Qb4 Qf4 32. Re2 Qc1+ 33. Re1 Qf4 34. Re2 Rh6 35. Rb3 Qc7 36. Kg1 f5 37. Rbe3 f4 38. Rxe6 Rxe6 39. Rxe6 f3 40. Rh6 Bg5 41. Rg6 fxg2 42. Rxg5 Rh8 43. Re5 Qh7 44. Kxg2 Qh1+ 45. Kg3 Qf3# 0-1

[Event "EYCC Open U8 2018"]
[Site "Riga"]
[Date "2018.08.29"]
[Round "9"]
[White "Udipi, Kala Kishan"]
[Black "Gordeev, Denis"]
[Result "1/2-1/2"]
[ECO "A43"]
[WhiteElo "1756"]
[BlackElo "1333"]
[Annotator "NA"]
[PlyCount "119"]
[EventDate "2018.08.20"]
[EventType "swiss"]
[EventCountry "LAT"]
[SourceTitle "playchess.com"]
[Source "ChessBase"]
[SourceQuality "1"]
[TimeControl "40/5400+30:1800+30"]

1. d4 c5 2. d5 g6 3. Nf3 Bg7 4. e4 d6 5. c4 e6 6. Be2 Ne7 7. Nc3 O-O 8. O-O exd5 9. cxd5 a6 10. a4 Bg4 11. Qb3 Qc7 12. h3 Bxf3 13. Bxf3 Nd7 14. Be2 f5 15. Bg5 Rae8 16. Bxe7 Rxe7 17. Bf3 fxe4 18. Nxe4 Ne5 19. Be2 Rb8 20. Ng5 Rbe8 21. Ne6 Qd7 22. f4 Nf7 23. Bg4 Bf6 24. Ng7 Bd4+ 25. Kh1 Qd8 26. Nxe8 Qxe8 27. Be6 Kh8 28. Rae1 Nh6 29. Qg3 Bxb2 30. Qh4 Bg7 31. Bd7 Rxe1 32. Bxe8 Rxf1+ 33. Kh2 Bf8 34. Qf6+ Bg7 35. Qxd6 c4 36. Qb8 Bf8 37. Bb5 Kg7 38. Qxb7+ Nf7 39. Bxc4 Rxf4 40. Qxa6 Bd6 41. Kh1 Rd4 42. g4 Rd1+ 43. Kg2 Rd2+ 44. Kf3 g5 45. Ke4 Bc5 46. Kf5 Rf2+ 47. Ke4 Rf4+ 48. Kd3 Ne5+ 49. Kc3 Rxc4+ 50. Qxc4 Nxc4 51. Kxc4 Ba7 52. Kb5 Kf7 53. Kc6 Bb8 54. d6 Ke8 55. d7+ Kd8 56. a5 Ba7 57. a6 Be3 58. Kd6 Bf2 59. Ke6 h6 60. Kd6 1/2-1/2

[Event "EYCC Open U8 2018"]
[Site "Riga"]
[Date "2018.08.29"]
[Round "9"]
[White "Azadaliyev, Jahandar"]
[Black "Averin, Nikolay"]
[Result "1-0"]
[ECO "D27"]
[WhiteElo "1732"]
[BlackElo "1438"]
[Annotator "NA"]
[PlyCount "147"]
[EventDate "2018.08.20"]
[EventType "swiss"]
[EventCountry "LAT"]
[SourceTitle "playchess.com"]
[Source "ChessBase"]
[SourceQuality "1"]
[TimeControl "40/5400+30:1800+30"]

1. d4 d5 2. c4 dxc4 3. e3 Nf6 4. Bxc4 e6 5. Nf3 c5 6. O-O a6 7. a4 Nc6 8. Nc3 Be7 9. d5 exd5 10. Bxd5 O-O 11. e4 Qc7 12. h3 h6 13. Be3 Re8 14. Nd2 Nb4 15. Nc4 Bd7 16. Qe2 Rad8 17. Qf3 b6 18. Bf4 Qa7 19. Qg3 Nh5 20. Qf3 Nxf4 21. Qxf4 Rf8 22. Rad1 Bc8 23. e5 Bg5 24. Qg3 Nxd5 25. Nxd5 Be6 26. Nd6 f5 27. f4 Bxd5 28. fxg5 Be6 29. gxh6 Qe7 30. Qg6 f4 31. hxg7 Qxg7 32. Qxe6+ Kh8 33. Nf7+ Qxf7 34. Qxf7 Rxf7 35. Rxd8+ Kg7 36. e6 Re7 37. Rd7 Kf6 38. Rxe7 Kxe7 39. Rxf4 Kxe6 40. h4 Ke5 41. Rf3 b5 42. axb5 axb5 43. h5 c4 44. h6 b4 45. h7 c3 46. bxc3 b3 47. c4 b2 48. Rb3 b1=Q+ 49. Rxb1 Kd4 50. Rd1+ Kxc4 51. Rd4+ Kxd4 52. h8=Q+ Kd5 53. Qf6 Ke4 54. Qd6 Kf5 55. Qe7 Kf4 56. Kf2 Kg4 57. Qf6 Kh5 58. Qg7 Kh4 59. Qh6+ Kg4 60. Ke3 Kf5 61. g4+ Ke5 62. Qg6 Kd5 63. Qe4+ Kc5 64. g5 Kb5 65. Qd4 Kc6 66. Qe5 Kb6 67. Qd5 Ka6 68. Qc5 Kb7 69. Qd6 Ka7 70. Qc6 Kb8 71. Qd7 Ka8 72. g6 Kb8 73. g7 Ka8 74. g8=R# 1-0

[Event "EYCC Open U8 2018"]
[Site "Riga"]
[Date "2018.08.29"]
[Round "9"]
[White "Golovchenko, Bogdan"]
[Black "Hajdu, Marton Abris"]
[Result "1-0"]
[ECO "A34"]
[WhiteElo "1560"]
[BlackElo "1694"]
[Annotator "NA"]
[PlyCount "49"]
[EventDate "2018.08.20"]
[EventType "swiss"]
[EventCountry "LAT"]
[SourceTitle "playchess.com"]
[Source "ChessBase"]
[SourceQuality "1"]
[TimeControl "40/5400+30:1800+30"]

1. c4 Nf6 2. Nc3 c5 3. Nf3 d5 4. cxd5 Nxd5 5. g3 Nc6 6. Bg2 Nc7 7. O-O e5 8. d3 Be6 9. Ng5 Bd7 10. Qb3 c4 11. Qxc4 Be6 12. Nxe6 fxe6 13. Bxc6+ bxc6 14. Qxc6+ Kf7 15. Ne4 Be7 16. Bd2 h5 17. f4 h4 18. fxe5+ Kg8 19. Be3 hxg3 20. Nxg3 Rc8 21. Rac1 Bg5 22. Bxg5 Qxg5 23. Qd7 Qe3+ 24. Kg2 Nd5 25. Rxc8+ 1-0

[Event "EYCC Open U8 2018"]
[Site "Riga"]
[Date "2018.08.29"]
[Round "9"]
[White "Yonal, Timur"]
[Black "Durucay, Uygar"]
[Result "1-0"]
[ECO "C79"]
[WhiteElo "1446"]
[BlackElo "1263"]
[Annotator "NA"]
[PlyCount "79"]
[EventDate "2018.08.20"]
[EventType "swiss"]
[EventCountry "LAT"]
[SourceTitle "playchess.com"]
[Source "ChessBase"]
[SourceQuality "1"]
[TimeControl "40/5400+30:1800+30"]

1. e4 e5 2. Nf3 Nc6 3. Bb5 a6 4. Ba4 Nf6 5. O-O d6 6. d3 Be7 7. c3 b5 8. Bb3 O-O 9. a4 Bg4 10. h3 Bd7 11. Nbd2 b4 12. Nc4 Be6 13. Bd2 Rb8 14. Bc2 Nd7 15. Ne3 bxc3 16. bxc3 Nc5 17. d4 Nb3 18. d5 Nxa1 19. Qxa1 Bxh3 20. gxh3 Na7 21. Kh2 g6 22. Rg1 Kh8 23. c4 Bf6 24. c5 dxc5 25. Ng4 Bg7 26. Ngxe5 Qd6 27. Bf4 Qf6 28. Bg3 Qe7 29. Qa3 Rb6 30. Rd1 Nc8 31. Nc4 Rb4 32. d6 cxd6 33. Nxd6 Qe6 34. Ng5 Qf6 35. Ngxf7+ Rxf7 36. Nxf7+ Qxf7 37. Rd8+ Bf8 38. Rxc8 Kg7 39. Qc3+ Kg8 40. Kg2 1-0

[Event "EYCC Open U8 2018"]
[Site "Riga"]
[Date "2018.08.29"]
[Round "9"]
[White "Jaakkola, Niklas"]
[Black "Uskov, Artem"]
[Result "1/2-1/2"]
[ECO "A13"]
[WhiteElo "1352"]
[BlackElo "1320"]
[Annotator "NA"]
[PlyCount "130"]
[EventDate "2018.08.20"]
[EventType "swiss"]
[EventCountry "LAT"]
[SourceTitle "playchess.com"]
[Source "ChessBase"]
[SourceQuality "1"]
[TimeControl "40/5400+30:1800+30"]

1. c4 e6 2. g3 d5 3. cxd5 exd5 4. Bg2 c6 5. d4 Nf6 6. Nf3 Be7 7. O-O O-O 8. Nc3 Nbd7 9. Re1 Nb6 10. b3 a5 11. a3 Nbd7 12. e3 b6 13. h3 Bb7 14. Bb2 Rc8 15. Rc1 h6 16. Nh4 Re8 17. Qd3 Bf8 18. Rcd1 Qc7 19. e4 dxe4 20. Nxe4 Nxe4 21. Bxe4 Nf6 22. Bg2 Nd5 23. Rc1 Qd8 24. Kh2 Rxe1 25. Rxe1 Rc7 26. Nf5 g6 27. Ne3 Re7 28. Rc1 Bg7 29. Nxd5 cxd5 30. Qb5 Kh7 31. a4 Re6 32. Kg1 Qd6 33. Kf1 h5 34. Re1 Qc6 35. Qxc6 Bxc6 36. Re3 Bh6 37. Rxe6 fxe6 38. Ke1 g5 39. Kd2 b5 40. axb5 Bxb5 41. Kc3 Bd7 42. b4 a4 43. Bf1 Bf8 44. Ba3 Bd6 45. Kb2 e5 46. b5 Bc7 47. Bc5 Kg6 48. Ka3 e4 49. Kxa4 Kf5 50. Be2 g4 51. hxg4+ hxg4 52. Kb4 e3 53. Bd3+ Kg5 54. b6 Bb8 55. Be7+ Kh6 56. Bh4 Bf5 57. Bf1 exf2 58. Kc5 Be4 59. Kc6 Kg6 60. Kb7 Bd6 61. Bd8 Bxg3 62. Bc7 Bxc7 63. bxc7 Bf5 64. Kc6 Be6 65. Kd6 Kf6 1/2-1/2